 Dungeon Crawl Stone Soup version 0.23.2-1-ga50397a (webtiles) character file.

Game seed: 18182746098137902391

51 funkygono the Grave Robber (level 3, -4/24 HPs)
             Began as a Demonspawn Necromancer on May 17, 2019.
             Slain by a gnoll
             ... wielding a +0 club
              (7 damage)
             ... on level 1 of the Dungeon.
             The game lasted 00:04:44 (2182 turns).

funkygono the Grave Robber (Demonspawn Necromancer) Turns: 2182, Time: 00:04:45

Health: -4/24      AC:  3    Str:  9    XL:     3   Next: 57%
Magic:  0/7        EV: 12    Int: 16    God:
Gold:   64         SH:  0    Dex: 13    Spells: 5/7 levels left

rFire    . . .     SeeInvis .   d - +0 club
rCold    . . .     Gourm    .   (no shield)
rNeg     . . .     Faith    .   a - +0 robe
rPois    .         Spirit   +   i - +0 helmet
rElec    .         Reflect  .   (no cloak)
rCorr    .         Harm     .   (no gloves)
MR       .....                  (no boots)
Stlth    ++........             (no amulet)
HPRegen  0.08/turn              (no ring)
MPRegen  0.20/turn              (no ring)

@: no status effects
A: magic shield, magic regeneration
a: no special abilities


You were on level 1 of the Dungeon.
You were not hungry.

You visited 1 branch of the dungeon, and saw 2 of its levels.

You collected 64 gold pieces.

Inventory:

Hand Weapons
 d - a +0 club (weapon)
Armour
 a - a +0 robe (worn)
 i - a +0 helmet (worn)
Scrolls
 b - a scroll of identify
 j - a scroll of remove curse
Potions
 h - a potion of might
Comestibles
 c - 2 rations
 g - a chunk of flesh


   Skills:
 + Level 0.2 Fighting
 + Level 1.8 Dodging
 + Level 1.9 Stealth
 + Level 2.8 Spellcasting
 + Level 5.1 Necromancy


You had 5 spell levels left.
You knew the following spells:

 Your Spells              Type           Power        Failure   Level  Hunger
a - Pain                  Necr           ###.         2%          1    #......
b - Animate Skeleton      Necr           N/A          2%          1    #......

Your spell library contained the following spells:

 Spells                   Type           Power        Failure   Level  Hunger
 Vampiric Draining        Necr           ###.......   7%          3    ###....
 Regeneration             Chrm/Necr      ##........   21%         3    ###....
 Animate Dead             Necr           N/A          22%         4    #####..


Dungeon Overview and Level Annotations

Branches:
Dungeon (2/15)

Altars:
Hepliaklqana
Ru


Innate Abilities, Weirdness & Mutations

When hurt, damage is shared between your health and your magic reserves.
You regenerate magic rapidly.


Message History

Press: ? - help, Shift-Dir - straight line, f/p - gnoll
Aim: a gnoll, wielding a +0 halberd (almost dead, chance to defeat MR: 84%)
The gnoll writhes in agony.
You kill the gnoll!
There is a stone staircase leading up, spattered with blood here.
You start resting.
The gnoll is too close now for your liking.
The gnoll closely misses you.
You climb upwards.
There is a stone staircase leading down here.
Unknown command.
Things that are here:
a +0 short sword; a kobold skeleton
Casting: Pain (safe; 2% risk of failure)
Confirm with . or Enter, or press ? or * to list all spells.
Aiming: Pain (safe; 2% risk of failure)
Press: ? - help, Shift-Dir - straight line, f - gnoll
Aim: a gnoll, wielding a +0 club (chance to defeat MR: 84%)
The gnoll writhes in agony.
The gnoll hits you with a +0 club!
You die...

#.....##.....#.#####...........
#.#####......#.# #.............
###.# #......#>###.#...........
..#.#####...####.....#...........
..#.รทรท..............###..........
..#######...#######)# #..........
............#### #.# #..........
..#######.#....####.###..........
..# #.#.....@g............... ###
#.#..#.####.###..........
#.#..#..............##.##
#.#..######)####....##.#.
#.#..#....#.........##.#. #
#.#..#........###...##... #
#.#..#..#................ #
#.#..#..#######.#.####### ####
#.#......................


You could see a gnoll.

Vanquished Creatures
  2 gnolls (D:2)
  A dart slug (D:1)
  2 giant cockroaches (D:1)
  2 goblins (D:1)
  3 hobgoblins (D:1)
  6 jackals (D:1)
  3 ball pythons (D:1)
  4 bats (D:1)
  3 frilled lizards
  A kobold (D:1)
  2 rats (D:1)
29 creatures vanquished.

Vanquished Creatures (collateral kills)
  A goblin (D:1)
1 creature vanquished.

Grand Total: 30 creatures vanquished

Notes
Turn   | Place    | Note
-------+----------+-------------------------------------------
     0 | D:1      | funkygono the Demonspawn Necromancer began the quest for
                  | the Orb.
     0 | D:1      | Reached XP level 1. HP: 13/13 MP: 3/3
   407 | D:1      | Gained mutation: When hurt, damage is shared between your
                  | health and your magic reserves. [demonic ancestry]
   407 | D:1      | Reached XP level 2. HP: 19/19 MP: 3/5
   410 | D:1      | Learned a level 1 spell: Animate Skeleton
   506 | D:1      | You fall through a shaft!
   506 | D:2      | Found a hazy altar of Hepliaklqana.
   566 | D:2      | Found a sacrificial altar of Ru.
  1513 | D:1      | Reached skill level 5 in Necromancy
  1878 | D:1      | Gained mutation: You regenerate magic rapidly. [demonic
                  | ancestry]
  1878 | D:1      | Reached XP level 3. HP: 23/24 MP: 3/6
  2182 | D:1      | Slain by a gnoll

Skill      XL: |  1  2 |
---------------+-------+-----
Necromancy     | 5 |  5.1
Fighting       | |  0.2
Dodging        | |  1.8
Stealth        | |  1.9
Spellcasting   | |  2.8

Action                   || total
-------------------------++-------
Melee: Unarmed           ||    15
 Cast: Pain              ||    54
       Animate Skeleton  ||     6
  Use: Scroll            ||     5
  Eat: Ration            ||     1
       Chunk             ||     1
Armor: Robe              ||    10
Dodge: Dodged            ||    52
